Map: Ulrena

Players

Mannstein - Winner!

  • Race: Protoss Protoss
  • League: Silver

lesha

  • Race: Terran Terran
  • League: Gold

VOD

Have the link to the VOD?

Description

Time

  • Played on: Jan. 6, 2016, 10:54 p.m.
  • Length: 3:37
Show
View Real Time Build Order
Export as new Build Order

Mannstein Protoss - Winner!

Build Orders:  

Get SALT Encoding   

  12  0:02  Probe (Chrono Boost)  
  13  0:12  Probe (Chrono Boost)  
  14  0:20  Pylon  
  14  0:23  Probe (Chrono Boost)  
  15  0:38  Probe (Chrono Boost)  
  15  0:41  Gateway  
  16  0:52  Gateway  
  16  1:05  Gateway  
  16  1:15  Forge  
  16  1:28  Zealot  
  18  1:40  Zealot  
  20  1:52  Zealot  
  22  2:15  Pylon  
  22  2:29  Pylon  
  22  2:33  Zealot x2  
  26  2:50  Photon Cannon  
  26  2:51  Photon Cannon  
  26  2:53  Photon Cannon  
  26  2:54  Zealot  
  28  3:00  Zealot x2  
Show
View Real Time Build Order
Export as new Build Order

lesha Terran 

Build Orders: Reaper Expand 

Get SALT Encoding   

  12  0:01  SCV  
  13  0:13  SCV  
  14  0:18  Supply Depot  
  14  0:27  SCV  
  15  0:39  SCV  
  15  0:41  Barracks  
  16  0:48  Refinery  
  16  0:52  SCV  
  17  1:04  SCV  
  18  1:16  SCV  
  19  1:29  Orbital Command  
  19  1:31  Reaper  
  20  1:42  Command Center  
  20  1:55  Supply Depot  
  20  1:57  Refinery  
  20  2:00  SCV  
  21  2:10  Barracks Reactor  
  21  2:13  SCV  
  21  2:23  Barracks  
  21  2:25  SCV  
  22  2:37  Barracks  
  21  2:53  Bunker  
  21  2:59  SCV  
  21  3:01  Factory, Marine x2  
  24  3:11  SCV  
  25  3:16  Marine  
  25  3:19  Marine  
Tags
 
Add a new tag
Caveats
  • Supply blocks, unpowered buildings, or Contaminate may cause inaccurate times.
  • Supply counts are checked every 10 seconds.